[Event "*** Titled Tuesday Blitz"]
[Site "Chess.com"]
[Date "2018.08.07"]
[Round "1"]
[White "W_Amadeus"]
[Black "GMCanty"]
[Result "1-0"]
[WhiteElo "2593"]
[BlackElo "2239"]
[TimeControl "180+2"]
[EndTime "13:08:58 PDT"]
[Termination "W_Amadeus won by resignation"]

1. d4 Nf6 2. c4 e6 3. Nf3 Bb4+ 4. Bd2 Qe7 5. g3 Nc6 6. Nc3 Bxc3 7. Bxc3 Ne4 8. Rc1 O-O 9. Bg2 Nxc3 10. Rxc3 d6 11. O-O a5 12. d5 Nb8 13. dxe6 fxe6 14. Nd4 c6 15. Qd2 e5 16. Nc2 Na6 17. Rd1 Rd8 18.
Rd3 Be6 19. b3 Rd7 20. Rxd6 Rad8 21. Rxd7 Rxd7 22. Qe1 Qd8 23. Rxd7 Qxd7 24. h4 a4 25. Ne3 axb3 26. axb3 Nc5 27. Qa5 Nxb3 28. Qxe5 Nd4 29. Bf1 b5 30. cxb5 cxb5 31. Qc5 Nb3 32. Qb6 Nd2 33.
Bg2 g6 34. Bc6 Qd6 35. Qxb5 Kg7 36. Bd5 Bxd5 37. Qb2+ Qf6 38. Qxf6+ Kxf6 39. Nxd5+ Ke5 40. Nf4 Ne4 41. Kg2 Nc3 42. f3 Kd4 43. e4 Ke5 44. Kf2 Nd1+ 45. Ke2 Nc3+ 46. Kd3 Nd1 47. Kd2 Nb2 48.
Nd3+ Nxd3 49. Kxd3 h5 50. f4+ Ke6 51. Kd4 Kd6 52. e5+ Ke6 53. Ke4 Kf7 54. f5 Ke7 1-0

[Event "*** Titled Tuesday Blitz"]
[Site "Chess.com"]
[Date "2018.08.07"]
[Round "1"]
[White "MFBerna"]
[Black "ahmadzada13"]
[Result "0-1"]
[WhiteElo "2281"]
[BlackElo "2630"]
[TimeControl "180+2"]
[EndTime "13:09:01 PDT"]
[Termination "ahmadzada13 won by resignation"]

1. e4 e6 2. d4 d5 3. Nd2 c5 4. exd5 Qxd5 5. Ngf3 cxd4 6. Bc4 Qd6 7. O-O Nf6 8. Nb3 Nc6 9. Nbxd4 Nxd4 10. Nxd4 a6 11. c3 Qc7 12. Bb3 Bd6 13. h3 Bh2+ 14.
Kh1 Bf4 15. Qf3 Bxc1 16. Raxc1 O-O 17. Rfe1 Bd7 18. Rcd1 Rad8 19. Qe3 h6 20. Nf3 Bc6 21.
Ne5 Be4 22. f3 Qxe5 23. fxe4 Rxd1 24. Bxd1 Rd8 25. Bf3 Rd7 26. Kg1 Rd6 27. Qa7 Rd7 28.
Qe3 Kh7 29. a4 a5 30. Qb6 g6 31. Qb5 Qg3 32. Rf1 Rd2 33. Qxb7 Kg7 34. e5 Nd7 35. Bg4 Nxe5 36. Bxe6 Qe3+ 37. Kh2 Rf2 38. Rxf2 Qxf2 39. Bd5 h5 40. Qe7 Qf4+ 41. Kg1 Qe3+ 42. Kh1 Qe1+ 43. Kh2 Nf3+ 0-1

[Event "*** Titled Tuesday Blitz"]
[Site "Chess.com"]
[Date "2018.08.07"]
[Round "1"]
[White "Egorov_Pavel"]
[Black "ElHelvetico"]
[Result "0-1"]
[WhiteElo "2310"]
[BlackElo "2691"]
[TimeControl "180+2"]
[EndTime "13:09:02 PDT"]
[Termination "ElHelvetico won by resignation"]

1. d4 Nf6 2. c4 e6 3. Nc3 Bb4 4.
e3 O-O 5. Nf3 d5 6. Bd3 b6 7.
O-O Bb7 8. cxd5 exd5 9. a3 Bd6 10. b4 Nbd7 11. Qb3 a6 12. a4 Qe7 13. b5 axb5 14.
Nxb5 c5 15. Nxd6 Qxd6 16. Bb5 Rfc8 17. Ba3 Ba6 18. Rfd1 Bxb5 19. axb5 h6 20. h3 Qe6 21.
dxc5 bxc5 22. Rab1 Nb6 23. Bb2 Ne4 24. Nd2 c4 25.
Qc2 c3 26. Nxe4 cxb2 27. Nc5 Qe7 28. Qxb2 Qxc5 29. Rdc1 Nc4 30. Qd4 Qxd4 31. exd4 Rab8 32. b6 Rxb6 33. Rxb6 Nxb6 34. Rb1 Nc4 35. Rb5 Rd8 36. Kf1 g5 37. Ke2 Kg7 38. g3 Kg6 39. f4 gxf4 40. gxf4 Kf5 41. Kf3 Nd2+ 42. Ke2 Ne4 43. Kf3 Nf6 44. Rb7 Kg6 45. Re7 Rc8 46. Re5 Rc3+ 47. Kg2 Rd3 48. f5+ Kg5 49. Re7 Kxf5 50. Rxf7 Rxd4 51.
Rf8 h5 52. h4 Rxh4 53. Kg3 Rg4+ 54. Kf3 d4 55. Rf7 Rf4+ 56. Kg3 Re4 57. Kf3 Re3+ 58.
Kf2 Ra3 59. Rf8 Ke5 60. Rd8 Ne4+ 61. Ke2 d3+ 62. Rxd3 Rxd3 63. Kxd3 Kf4 64. Ke2 Kg3 65. Kf1 h4 66. Kg1 h3 67. Kh1 Nf2+ 68. Kg1 h2+ 69. Kf1 h1=Q+ 0-1

[Event "*** Titled Tuesday Blitz"]
[Site "Chess.com"]
[Date "2018.08.07"]
[Round "1"]
[White "Caisachess"]
[Black "PaulfromSPb"]
[Result "0-1"]
[WhiteElo "2226"]
[BlackElo "2569"]
[TimeControl "180+2"]
[EndTime "13:09:04 PDT"]
[Termination "PaulfromSPb won by resignation"]

1. e4 c5 2. c3 d5 3. exd5 Qxd5 4. d4 Nf6 5. Nf3 Bg4 6. Nbd2 e6 7. Bc4 Qd8 8. Qb3 Qc7 9. Ne5 Nc6 10. Bb5 cxd4 11. cxd4 Bd6 12. Nxg4 Nxg4 13. h3 Nf6 14. Nf3 O-O 15.
O-O a6 16. Bd3 Rfd8 17. a3 Rab8 18. Bg5 Be7 19. Rac1 Nd5 20. Bxe7 Qxe7 21. Qc2 Nf6 22. Bxa6 Nxd4 23. Nxd4 Rxd4 24. Be2 Rbd8 25. Rcd1 g6 26.
Bf3 b6 27. Rxd4 Rxd4 28. Rd1 e5 29. Qc6 Nd7 30. Rxd4 exd4 31. Bg4 Ne5 32. Qe4 Qd6 33. Bd1 Kg7 34. f4 Nc4 35. b3 Nxa3 36. f5 Nb5 37.
Be2 Nc3 38. Qd3 Qe5 39. Bf3 gxf5 40. Qc4 f4 41. Qd3 Qe3+ 42. Qxe3 fxe3 43. Kf1 d3 44. Ke1 d2+ 45. Kf1 Kf6 46. b4 Ke5 0-1

[Event "*** Titled Tuesday Blitz"]
[Site "Chess.com"]
[Date "2018.08.07"]
[Round "1"]
[White "GM_dmitrij"]
[Black "Macron20hTF1"]
[Result "1-0"]
[WhiteElo "2704"]
[BlackElo "2303"]
[TimeControl "180+2"]
[EndTime "13:09:06 PDT"]
[Termination "GM_dmitrij won by resignation"]

1. e4 e5 2. Nf3 Nf6 3. Nxe5 d6 4. Nf3 Nxe4 5. Nc3 Nxc3 6. dxc3 Be7 7. Be3 O-O 8. Qd2 Nd7 9. O-O-O c5 10. h4 Qa5 11.
Kb1 Nf6 12. Be2 Be6 13. c4 Qc7 14. Ng5 b5 15. cxb5 d5 16. Bf4 Qb6 17. Nxe6 fxe6 18. Bf3 c4 19. Qe2 Ne4 20. Be3 Qxb5 21. Bxe4 dxe4 22.
Bd4 Rab8 23. Qxe4 Bf6 24. h5 Bxd4 25. Qxd4 Rxf2 26. h6 e5 27. Qd5+ Qxd5 28. Rxd5 c3 29. b3 e4 30. Rg5 g6 31. Re5 Re2 32. Rd1 Rf8 33. a4 e3 34. Rd7 Rf1+ 35. Ka2 Rxc2+ 36. Ka3 Rf8 37. Ree7 Rb8 38. Rg7+ Kf8 39. Rxh7 Ke8 40.
Rdg7 Rf2 41. Rg8+ Rf8 42. Rxf8+ Kxf8 43. Rh8+ Kf7 44. Rxb8 e2 45. Rb7+ Ke6 46. h7 e1=Q 47. h8=Q Qa1+ 48. Kb4 Qe1 49. Qe8+ 1-0

[Event "*** Titled Tuesday Blitz"]
[Site "Chess.com"]
[Date "2018.08.07"]
[Round "1"]
[White "Chakraborty-ARZ"]
[Black "Perecke"]
[Result "1/2-1/2"]
[WhiteElo "2424"]
[BlackElo "1910"]
[TimeControl "180+2"]
[EndTime "13:09:15 PDT"]
[Termination "Game drawn by repetition"]

1. d4 d5 2. Bf4 c5 3. c3 Nc6 4. e3 Qb6 5. Qb3 c4 6. Qc2 Nf6 7. Nd2 Bg4 8. e4 e6 9. e5 Bf5 10. Qc1 Ne4 11. Ngf3 Be7 12. Be2 O-O 13. O-O h6 14. Nxe4 Bxe4 15. Nd2 Bh7 16. Be3 f6 17. exf6 Bxf6 18. Nf3 Qc7 19. Bf4 e5 20. dxe5 Bxe5 21. Nxe5 Nxe5 22. Bg3 Rae8 23. Rd1 Qc6 24. Bh5 Re7 25.
Bxe5 Rxe5 26. Bf3 Be4 27. Bxe4 Rxe4 28. Qd2 Qc5 29. Kf1 Ref4 30. f3 Kh8 31. Qxd5 Qb6 32. Rd2 R8f5 33. Qd8+ Rf8 34. Qxb6 axb6 35. Rad1 b5 36.
Rd7 b6 37. Rb7 R4f6 38. Rdd7 Rg6 39. Kf2 b4 40. cxb4 Ra8 41. a3 c3 42. bxc3 Rxa3 43. g4 Rxc3 44. h4 Rb3 45. h5 Rf6 46. Rxg7 Rfxf3+ 47. Ke2 Rfe3+ 48. Kd2 Red3+ 49. Kc2 Rdc3+ 50. Kd2 Rd3+ 51. Ke2 Re3+ 52. Kf2 Rf3+ 53. Kg2 Rg3+ 54. Kh2 Rh3+ 55.
Kg2 Rhg3+ 56. Kf2 Rgf3+ 57. Ke1 Rfe3+ 58. Kd2 Red3+ 59. Kc2 Rdc3+ 60. Kd2 Rd3+ 61. Ke2 Re3+ 62. Kf2 Rf3+ 63. Kg2 Rg3+ 64. Kh2 Rh3+ 65. Kg2 Rhg3+ 66. Kh1 Rh3+ 67. Kg1 Rhg3+ 68. Kf2 Rgf3+ 1/2-1/2

[Event "*** Titled Tuesday Blitz"]
[Site "Chess.com"]
[Date "2018.08.07"]
[Round "1"]
[White "Martins-BR"]
[Black "SergeiAza"]
[Result "1/2-1/2"]
[WhiteElo "2333"]
[BlackElo "2708"]
[TimeControl "180+2"]
[EndTime "13:09:17 PDT"]
[Termination "Game drawn by repetition"]

1. e4 c5 2. Nf3 Nc6 3. Nc3 g6 4. d4 cxd4 5. Nxd4 Bg7 6. Be3 d6 7.
Qd2 Nf6 8. f3 O-O 9. g4 Nxd4 10.
Bxd4 Qa5 11. h4 e5 12. Be3 Be6 13. g5 Nh5 14. O-O-O Rac8 15. a3 Nf4 16. Bxf4 exf4 17. Nd5 Qxd2+ 18. Rxd2 Bxd5 19. Rxd5 Be5 20. Bh3 Rc7 21.
c3 Kg7 22. Bg4 h6 23. gxh6+ Kxh6 24. h5 Kg5 25. hxg6 fxg6 26. Kd2 Rff7 27. Ke2 Rh7 28. Rdd1 a5 29. Be6 Kf6 30. Bg4 b5 31. Kd3 Rb7 32.
Rxh7 Rxh7 33. Rd2 Ke7 34. c4 b4 35. axb4 axb4 36. Kc2 Rh1 37. Kb3 Rb1 38. Kxb4 Bxb2 39. Ka4 Be5 40. Rd5 Rc1 41. Kb3 Kf6 42. Kb4 Rb1+ 43. Ka4 Rb8 44. c5 dxc5 45. Rxc5 Rb2 46.
Rc6+ Kg5 47. Rc5 Kf6 48. Rc6+ Kg7 49. Rc5 Bd4 50. Rd5 Bc3 51. Rc5 Bf6 52. Rc7+ Kh6 53. Rc6 Kg5 54. Rc5+ Kh4 55. Rc6 Kg5 56. Rc5+ Kh6 57.
Rc6 Kg7 58. Rc7+ Kh6 59. Rc6 1/2-1/2

[Event "*** Titled Tuesday Blitz"]
[Site "Chess.com"]
[Date "2018.08.07"]
[Round "1"]
[White "Rickstereo"]
[Black "HansCoolNiemann"]
[Result "0-1"]
[WhiteElo "2110"]
[BlackElo "2484"]
[TimeControl "180+2"]
[EndTime "13:09:18 PDT"]
[Termination "HansCoolNiemann won on time"]

1. c4 c5 2. Nc3 Nc6 3. Nf3 g6 4. e3 Bg7 5. d4 d6 6. Be2 Nf6 7. O-O O-O 8. h3 e5 9. d5 Ne7 10. e4 Ne8 11. a3 f5 12. b4 b6 13. Ng5 f4 14. Bg4 Nc7 15. Be6+ Bxe6 16. dxe6 Nc6 17.
Nf7 Qe7 18. Nd5 Nxd5 19. cxd5 Nd4 20. bxc5 bxc5 21. Bb2 f3 22. Bxd4 fxg2 23. Kxg2 cxd4 24. Qf3 Bf6 25. Rab1 Kg7 26. Rb3 Rac8 27. Rfb1 Rc7 28.
a4 Rfc8 29. a5 Rc2 30. R1b2 Bh4 31. Rb7 Rxb2 32. Rxe7 Bxe7 33. Nxd6 Bxd6 34. Qf7+ Kh6 35. e7 Rbb8 36. Qe6 d3 37. Qxd6 d2 38. Qxe5 d1=Q 39.
Qf4+ Kh5 40. Qe5+ g5 41. Qf6 Rg8 42. Qf7+ Kh6 43. Qf6+ Rg6 44. Qf8+ Kh5 0-1

[Event "*** Titled Tuesday Blitz"]
[Site "Chess.com"]
[Date "2018.08.07"]
[Round "1"]
[White "BillieKimbah"]
[Black "tomsishere"]
[Result "1-0"]
[WhiteElo "2814"]
[BlackElo "2388"]
[TimeControl "180+2"]
[EndTime "13:09:26 PDT"]
[Termination "BillieKimbah won by resignation"]

1. Nf3 c5 2. b3 Nc6 3. Bb2 d6 4. e3 e5 5. c4 e4 6. Ng1 Nf6 7. Nc3 Be7 8. Nge2 Bf5 9. h3 Ne5 10. Nf4 a6 11. Be2 Rb8 12. g4 Bg6 13. g5 Nfd7 14.
Nxg6 hxg6 15. Nxe4 b5 16. f4 Nc6 17. Bxg7 Rh7 18.
Bc3 bxc4 19. bxc4 Nb6 20. Bf6 Kf8 21. Rb1 d5 22. Bxe7+ Nxe7 23. Nf6 Rh4 24. cxd5 Nexd5 25. Ng4 c4 26. Kf2 Qe7 27. Bf3 Rd8 28. Kg3 Rh8 29.
Qc2 c3 30. e4 Nxf4 31. Qxc3 Nh5+ 32. Kf2 Rg8 33. Rxb6 Qxg5 34. Ke1 Ng3 35. Rg1 Nxe4 36.
Bxe4 Re8 37. d3 Qh4+ 38. Kd1 Qxh3 39. Qc5+ Kg7 40. Qd4+ Kf8 41. Qd6+ Kg7 42. Qf6+ Kf8 43. Rb7 Rg7 44. Qd6+ Kg8 45. Nf6+ Kh8 46. Nxe8 Rh7 47.
Qe5+ Kg8 48. Nf6+ Kf8 49. Rb8+ Kg7 50. Ng4+ 1-0

[Event "*** Titled Tuesday Blitz"]
[Site "Chess.com"]
[Date "2018.08.07"]
[Round "1"]
[White "Passacaglia23"]
[Black "KamilPlichta"]
[Result "0-1"]
[WhiteElo "2247"]
[BlackElo "2596"]
[TimeControl "180+2"]
[EndTime "13:09:26 PDT"]
[Termination "KamilPlichta won by resignation"]

1. d4 Nf6 2. c4 g6 3. f3 Bg7 4. e4 O-O 5. Ne2 d6 6. Nbc3 c5 7. d5 e6 8. Ng3 exd5 9. cxd5 a6 10. a4 Nbd7 11. Be2 h5 12. Bg5 Qc7 13. O-O Rb8 14. Qd2 c4 15. Be3 b5 16. axb5 axb5 17. Ra7 Qd8 18.
Na2 h4 19. Nh1 Ne5 20. Nb4 h3 21. f4 hxg2 22. Kxg2 Nxe4 23. Qc2 Qh4 24. Qxe4 Bh3+ 25. Kg1 Bf5 26. Qg2 Nd3 27. Nxd3 cxd3 28. Bf3 Rfe8 29. Bf2 Qxf4 30. Ng3 d2 31. Nxf5 Qxf5 32. Bg4 Qd3 33. Bd1 Re1 34. Bxe1 dxe1=Q 35. Rxe1 Bd4+ 36. Kh1 Bxa7 37. Bc2 Qd4 38. Rd1 Qxb2 39. Qe4 Qf6 40. Re1 Bc5 41. Bb3 Kg7 42. Qg2 Rh8 43. Rf1 Qe5 44.
h3 Rh4 45. Qf3 f5 46. Bc2 b4 47. Qg2 Qc3 48. Bxf5 Rh6 49. Be6 Rh5 50. Rf7+ Kh6 51. Rf8 Bd4 52. Rg8 Qc1+ 53. Kh2 Be5+ 54. Qg3 Bxg3+ 55.
Kxg3 Qe3+ 0-1

[Event "*** Titled Tuesday Blitz"]
[Site "Chess.com"]
[Date "2018.08.07"]
[Round "1"]
[White "senecacrane"]
[Black "Cryptochess"]
[Result "0-1"]
[WhiteElo "2128"]
[BlackElo "2490"]
[TimeControl "180+2"]
[EndTime "13:09:27 PDT"]
[Termination "Cryptochess won by resignation"]

1. d4 Nf6 2. c4 e6 3. Nc3 Bb4 4. Qc2 Nc6 5. Nf3 d6 6. Bd2 O-O 7. e3 e5 8. a3 Bxc3 9. Bxc3 Qe7 10. Be2 a5 11. O-O a4 12. Rfd1 Bg4 13. dxe5 dxe5 14. h3 Bh5 15. Rd2 Bg6 16. Qd1 Ne4 17. Rd7 Nxc3 18.
bxc3 Qc5 19. Rxc7 Qa5 20. Rxb7 Qxc3 21. Rc7 Na5 22. Qc1 Qxc1+ 23. Rxc1 f6 24. Nh4 Bf7 25. Nf5 Rfd8 26. c5 Nb3 27. Rd1 Kf8 28. Nd6 Be6 29.
Bb5 Ra5 30. Rb1 Nxc5 31. Nb7 Nxb7 32. Rxb7 Bb3 33. Rc1 Rd1+ 34. Rxd1 Bxd1 35. Rb8+ Kf7 36. Rb7+ Kg6 37. Bd3+ Kh6 38. Rb4 g6 39. Kf1 Rc5 40.
Ke1 Bb3 41. Kd2 f5 42. g3 e4 43. Bb1 Rd5+ 44. Ke2 Bd1+ 45. Ke1 Bf3 46. Bc2 Rc5 47. Bxa4 Rc1+ 48. Kd2 Rf1 49. Bc2 Rxf2+ 50. Kc3 Re2 51. a4 Rxe3+ 52. Kc4 Be2+ 53. Kc5 Rxg3 54. a5 e3 55.
Rh4+ Kg7 56. Rd4 Rxh3 57. Rd7+ Kf6 58. Kb6 Rh4 59. a6 Bxa6 60. Kxa6 e2 61. Rd6+ Ke7 0-1

[Event "*** Titled Tuesday Blitz"]
[Site "Chess.com"]
[Date "2018.08.07"]
[Round "1"]
[White "Mimsychess"]
[Black "djamir"]
[Result "0-1"]
[WhiteElo "2286"]
[BlackElo "2646"]
[TimeControl "180+2"]
[EndTime "13:09:31 PDT"]
[Termination "djamir won by resignation"]

1. Nf3 Nf6 2. c4 g6 3. Nc3 d5 4. cxd5 Nxd5 5. e4 Nxc3 6. dxc3 Qxd1+ 7. Kxd1 Bg4 8. Kc2 Bxf3 9. gxf3 Nd7 10. Be3 a6 11.
Rd1 O-O-O 12. Bh3 e6 13. f4 f5 14. Bg2 Bh6 15. exf5 exf5 16. Rd2 Nf6 17. Bd4 Bxf4 18. Re2 Rhe8 19. Rhe1 Rxe2+ 20. Rxe2 Re8 21. Rxe8+ Nxe8 22. h4 c6 23. Kd3 Kd7 24. c4 h5 25. a4 Bd6 26. f3 Bg3 27. b4 Bxh4 28. Be5 Bf6 29.
Bh2 Be7 30. c5 a5 31. Kc4 axb4 32. Kxb4 b6 33. Bg1 Nc7 34. Kc4 b5+ 35. axb5 cxb5+ 36.
Kd4 Bf6+ 37. Kd3 f4 38. Ke4 g5 39. Kf5 Be7 40. Kg6 h4 41. Bd4 Kc6 42. Bf1 b4 43. Kf7 Bxc5 44. Bf6 b3 45. Bxg5 b2 46. Bd3 h3 47. Bxf4 Bd6 48. Be4+ Kd7 49. Bf5+ Kc6 50. Be4+ Nd5 51. Bxd6 Kxd6 0-1

[Event "*** Titled Tuesday Blitz"]
[Site "Chess.com"]
[Date "2018.08.07"]
[Round "1"]
[White "chess4life23"]
[Black "Last7Samurai"]
[Result "1-0"]
[WhiteElo "2288"]
[BlackElo "2607"]
[TimeControl "180+2"]
[EndTime "13:09:37 PDT"]
[Termination "chess4life23 won by resignation"]

1. d4 d5 2. c4 c6 3. Nc3 Nf6 4. e3 e6 5. Nf3 Nbd7 6. Qc2 Bd6 7. Bd3 O-O 8. O-O dxc4 9. Bxc4 b5 10. Be2 Bb7 11. Ng5 a6 12. Nce4 Be7 13. Bf3 h6 14. Nxf6+ Nxf6 15. Ne4 Nxe4 16. Bxe4 Qd7 17. Bd2 a5 18. a3 b4 19. axb4 axb4 20. Qc4 Rab8 21. Rfc1 Rfc8 22. Ra7 c5 23. Rxb7 Rxb7 24. Bxb7 Qxb7 25.
Bxb4 Rb8 26. Bxc5 Bxc5 27. dxc5 Qxb2 28. c6 Rc8 29. c7 h5 30. h4 g6 31. Qc6 Kh7 32.
g3 Qd2 33. Kg2 Kh6 34. Rc4 Kh7 35. Rd4 Qa5 36. Rd7 Kg7 37. Qxe6 Qa8+ 38. Kh2 Qf3 39.
Qe5+ Kh7 40. Qf4 Qxf4 41. gxf4 Kg7 42. Kg3 Kf6 43. Rd6+ Ke7 44. Rc6 Kd7 45. Rc3 f5 46. f3 Rxc7 47. Rxc7+ Kxc7 48. e4 Kd6 49. Kf2 Kc5 50.
Ke3 Kc4 51. e5 Kd5 52. Kd3 Kc5 53. Kc3 Kd5 54. Kb4 g5 55. fxg5 Kxe5 56. Kc3 Kf4 57. g6 Kg3 58. g7 Kxh4 59. g8=Q 1-0

[Event "*** Titled Tuesday Blitz"]
[Site "Chess.com"]
[Date "2018.08.07"]
[Round "1"]
[White "ShadyH9"]
[Black "misha_melnichuk"]
[Result "0-1"]
[WhiteElo "2258"]
[BlackElo "2614"]
[TimeControl "180+2"]
[EndTime "13:09:37 PDT"]
[Termination "misha_melnichuk won by resignation"]

1. d4 Nf6 2. c4 e6 3. Nf3 Bb4+ 4. Nbd2 O-O 5. a3 Be7 6. e4 d5 7. e5 Nfd7 8. Qc2 c5 9. Bd3 h6 10. O-O Nc6 11. cxd5 exd5 12. Re1 cxd4 13. Nb3 Qb6 14. Bf4 Nc5 15. Nxc5 Qxc5 16. h3 Qxc2 17. Bxc2 Be6 18. Rad1 Rac8 19. Bb1 Bc5 20. b4 Bb6 21. b5 Na5 22. Nxd4 Nc4 23. Nxe6 fxe6 24. Bg3 Nxa3 25.
Bg6 Rc2 26. Bxc2 Nxc2 27. Re2 Nd4 28. Red2 Nxb5 29. Rb2 Nc3 30. Rc1 Ne4 31. Kh2 Rf7 32.
Rcc2 Bd4 33. Ra2 a6 34. Rc8+ Kh7 35. Re8 Nc5 36. f3 b5 37. Rd2 Bc3 38. Rc2 b4 39.
Bf2 Nd3 40. Be3 Bxe5+ 41. Kg1 b3 42. Rd2 b2 43. Rxb2 Bxb2 44. Rxe6 d4 45. Bd2 Bc3 46. Bxc3 0-1

[Event "*** Titled Tuesday Blitz"]
[Site "Chess.com"]
[Date "2018.08.07"]
[Round "1"]
[White "Tash_Boy"]
[Black "dinesh501"]
[Result "0-1"]
[WhiteElo "2579"]
[BlackElo "2361"]
[TimeControl "180+2"]
[EndTime "13:09:41 PDT"]
[Termination "dinesh501 won by resignation"]

1. e4 e6 2. d4 d5 3. Nc3 Nf6 4. e5 Nfd7 5. f4 c5 6. Nf3 Nc6 7. Be3 cxd4 8. Nxd4 Bc5 9. Qd2 O-O 10. O-O-O a6 11. h4 Nxd4 12. Bxd4 b5 13. h5 b4 14. Ne2 a5 15. Rh3 Ba6 16. Rg3 Bxe2 17. Bxe2 Bxd4 18. Qxd4 Qb6 19. Qd2 Nc5 20. Bd3 f5 21. exf6 Rxf6 22.
Re1 a4 23. Kb1 b3 24. cxb3 axb3 25. a3 Ra4 26. h6 Rxh6 27. f5 exf5 28. Bxf5 Qd6 29.
Qg5 Qf6 30. Bg6 Rxg6 31. Qxd5+ Ne6 32. Rf3 Rd4 33. Qa8+ Qd8 34. Qxd8+ Rxd8 35. Rxb3 Nf8 36. a4 Rxg2 37. a5 Rg6 38. Rb7 Re6 39. Rg1 g6 40.
Rf1 Ra6 41. Rb5 Ne6 42. b4 Nd4 43. Rb7 Nf5 44. Rc1 Nd6 45. Re7 Rb8 46. Rcc7 Rxb4+ 47. Kc2 Rc4+ 48. Kb3 Rxc7 49. Rxc7 Rxa5 50. Rd7 Rd5 51.
Rc7 h5 52. Kc2 h4 53. Rc5 Rxc5+ 54. Kd3 Rf5 55. Ke3 h3 56. Ke2 h2 0-1

[Event "*** Titled Tuesday Blitz"]
[Site "Chess.com"]
[Date "2018.08.07"]
[Round "1"]
[White "Alohamora11"]
[Black "morphy1984"]
[Result "1/2-1/2"]
[WhiteElo "2212"]
[BlackElo "2512"]
[TimeControl "180+2"]
[EndTime "13:09:45 PDT"]
[Termination "Game drawn by agreement"]

1. e4 e5 2. Nf3 Nc6 3. Bb5 f5 4. d3 fxe4 5. dxe4 Nf6 6. Nc3 Bc5 7. O-O d6 8. Bg5 O-O 9. Nd5 Kh8 10. c3 Bg4 11. h3 Bh5 12. g4 Bg6 13. Bd3 Qd7 14.
Bxf6 gxf6 15. Nh4 Ne7 16. Nxe7 Qxe7 17. Kh1 Qg7 18. Qf3 Qh6 19. Nf5 Bxf5 20. gxf5 Rg8 21. Bc4 Rg5 22. Rg1 Qh4 23. Rxg5 fxg5 24. Rg1 h6 25. Kg2 c6 26. Bf7 Kg7 27. Bg6 Kf6 28. Kf1 Qf4 29. Qxf4 exf4 30. Ke2 Rd8 31. Rd1 d5 32. c4 Ke5 33. cxd5 cxd5 34. exd5 Rxd5 35. Rxd5+ Kxd5 36. f3 Bd4 37. b3 b5 38. Kd3 Be5 39. Bf7+ Kd6 40. Ke4 a5 41. a4 bxa4 42. bxa4 Bc3 43.
Be8 Bb2 44. Bb5 Bc3 45. Be8 Bb2 46. Bb5 Bc3 47. f6 Bxf6 48. Kf5 Ke7 49. Kg6 Ke6 50.
Kxh6 Bd8 51. Kg6 Ke5 52. Bc6 Be7 53. Bb7 Bd8 54. Bc6 Be7 55. Kf7 Bf6 56. Ke8 Bg7 57.
Kf7 Bf6 58. Kg6 Bd8 59. Bb7 Be7 60. Bc6 1/2-1/2

[Event "*** Titled Tuesday Blitz"]
[Site "Chess.com"]
[Date "2018.08.07"]
[Round "1"]
[White "Orest_Vovk"]
[Black "champ2005"]
[Result "0-1"]
[WhiteElo "2319"]
[BlackElo "2714"]
[TimeControl "180+2"]
[EndTime "13:09:47 PDT"]
[Termination "champ2005 won by checkmate"]

1. Nc3 Nf6 2. Nf3 g6 3. e4 d6 4. d4 Bg7 5. Be3 O-O 6. Qd2 Ng4 7. Bf4 e5 8. dxe5 dxe5 9. Qxd8 Rxd8 10. Bg5 f6 11.
Bc4+ Kf8 12. Bh4 c6 13. h3 Nh6 14. Ke2 g5 15. Bg3 Nf7 16. Rad1 Nd6 17. Bb3 Na6 18. Nd2 Nc5 19. f3 Nxb3 20. axb3 Be6 21. Bf2 Kf7 22.
Bc5 b6 23. Bxd6 Rxd6 24. Nc4 Rxd1 25. Rxd1 Ke7 26. Nd6 Bf8 27. Nf5+ Kf7 28. g4 Bc5 29. Nd6+ Ke7 30. Nf5+ Bxf5 31. exf5 Bd4 32. Na4 b5 33. c3 Bb6 34. Nxb6 axb6 35. Kd2 h5 36. Kc2 Rh8 37.
Ra1 hxg4 38. hxg4 Rh2+ 39. Kd3 Rf2 40. Ra7+ Kd6 41. Ke3 Rxb2 42. Rf7 Rxb3 43. Rxf6+ Kd5 44. Rf8 Rxc3+ 45. Ke2 Rc4 46. Rd8+ Kc5 47. Re8 Kd6 48.
Re6+ Kd5 49. Rg6 b4 50. f6 Ke6 51. Rxg5 b3 52. Rf5 Kf7 53. g5 b2 54. g6+ Kxg6 55. f7 b1=Q 56. f8=Q Rc2+ 57. Ke3 Qe1+ 58. Kd3 Rc3# 0-1

[Event "*** Titled Tuesday Blitz"]
[Site "Chess.com"]
[Date "2018.08.07"]
[Round "1"]
[White "capatl"]
[Black "luca_va99"]
[Result "0-1"]
[WhiteElo "2498"]
[BlackElo "2474"]
[TimeControl "180+2"]
[EndTime "13:09:48 PDT"]
[Termination "luca_va99 won by resignation"]

1. c4 c5 2. Nc3 Nc6 3. Nf3 e5 4. d3 d6 5. g3 g6 6. Bg2 Bg7 7. O-O Nf6 8. Rb1 a5 9. a3 O-O 10. Nd2 Bd7 11. Nde4 Nxe4 12. Nxe4 Qc7 13. Bd2 h6 14. b4 f5 15. Nc3 axb4 16. Nd5 Qd8 17. axb4 cxb4 18. Bxb4 Nxb4 19. Nxb4 Ba4 20. Qc1 Ra7 21.
Qe3 Qa5 22. Nd5 Kh7 23. Rb6 Bc6 24. Rfb1 f4 25. Qc1 fxg3 26. hxg3 Qc5 27. Qe3 Qa3 28. R6b3 Qc5 29. Qxc5 dxc5 30. Nc3 e4 31. Bxe4 Bxc3 32. Bxc6 bxc6 33. Rxc3 Ra2 34. Kf1 Re8 35. Re1 Re5 36. Rb3 Kg7 37. Rb7+ Kf6 38. Rc7 Re6 39. Rc8 Ke5 40.
Rh8 h5 41. Rf8 Kd4 42. Rf3 Kc3 43. Re3 Rxe3 44. fxe3 Kd2 45. Kf2 Ra8 46. Rb1 Rf8+ 47. Kg2 Kxe3 48. Rb6 Rf6 49. Rb8 Kxe2 50. Rd8 Ke3 51.
Rd7 Re6 52. Rd8 Kd2 53. Kf3 Re3+ 54. Kf4 Rxd3 55. Rc8 Rd4+ 56. Ke5 Rxc4 57. Rxc6 Rg4 58. Rd6+ Ke3 0-1

[Event "*** Titled Tuesday Blitz"]
[Site "Chess.com"]
[Date "2018.08.07"]
[Round "1"]
[White "Mbneu"]
[Black "Vuk2000"]
[Result "0-1"]
[WhiteElo "2302"]
[BlackElo "2669"]
[TimeControl "180+2"]
[EndTime "13:09:51 PDT"]
[Termination "Vuk2000 won by resignation"]

1. d4 e6 2. c4 Nf6 3. Nc3 Bb4 4.
Bg5 b6 5. Nf3 Bb7 6. e3 h6 7.
Bh4 g5 8. Bg3 Ne4 9. Nd2 d6 10.
Ndxe4 Bxe4 11. Rc1 Nd7 12. f3 Bb7 13. Bd3 g4 14. d5 exd5 15. cxd5 Qg5 16. O-O Nc5 17.
Bf4 Qe7 18. Ne4 gxf3 19. Bb5+ Kd8 20. Nxc5 Bxc5 21. Qxf3 a6 22. Bd3 Kc8 23. Kh1 Kb8 24. Rce1 Ka7 25. Bg3 Raf8 26. Qh5 f5 27. Rxf5 Rxf5 28.
Qxf5 Rf8 29. Qe6 Qxe6 30. dxe6 Re8 31. Bf5 Bd5 32. e4 Bxe6 33. Bxe6 Rxe6 34. Bf4 Kb7 35. g3 d5 36. e5 d4 37. Kg2 Kc6 38. Kf3 Kd5 39. Kg4 Bf8 40. Kf5 c5 41. g4 Be7 42.
Bg3 d3 43. h4 c4 44. g5 hxg5 45. hxg5 Bf8 46. g6 Bg7 47. Bf4 b5 48. Rh1 Bxe5 49.
Re1 Bxf4 50. Rxe6 d2 51. g7 d1=Q 52. g8=Q Qh5+ 53. Kxf4 Qh4+ 54. Kf5 Qf2+ 0-1

[Event "*** Titled Tuesday Blitz"]
[Site "Chess.com"]
[Date "2018.08.07"]
[Round "1"]
[White "JSMastropiero"]
[Black "Margency"]
[Result "0-1"]
[WhiteElo "2311"]
[BlackElo "2706"]
[TimeControl "180+2"]
[EndTime "13:09:57 PDT"]
[Termination "Margency won by checkmate"]

1. d4 Nf6 2. c4 g6 3. f3 Bg7 4. e4 d6 5. Nc3 a6 6. Be3 c6 7. c5 b5 8. cxd6 exd6 9. Nge2 O-O 10. Nf4 Nbd7 11. Be2 Bb7 12. O-O Re8 13. Qd2 Nb6 14. b3 b4 15. Nd1 a5 16. Nf2 Qe7 17. Rac1 Rac8 18. d5 Nbxd5 19. Nxd5 cxd5 20. Bb5 Rf8 21. Bg5 dxe4 22. Nxe4 Bxe4 23. fxe4 Qe5 24. Bxf6 Bxf6 25. Rxc8 Rxc8 26. Qf2 Qd4 27. Bc4 Qxf2+ 28. Kxf2 Kg7 29. Ke2 Rc5 30. Kd3 Rg5 31. g3 h5 32. Bd5 h4 33. Rf3 hxg3 34. Rxg3 Rh5 35. h3 Be5 36. Rf3 f5 37. exf5 gxf5 38. Kc4 Kg6 39. Kb5 Rh7 40. Kxa5 Ra7+ 41. Kxb4 Rxa2 42. Be6 f4 43. Kc4 Rc2+ 44. Kb4 Kf6 45. Bc4 Rd2 46. Rd3 Rh2 47. Bd5 Rc2 48.
Bc4 Ke7 49. Kb5 Kd7 50. b4 Kc7 51. Bb3 Rb2 52. Bd5 Rb1 53. Rd2 Bc3 54. Rc2 Rxb4+ 55. Ka6 Rb6+ 56. Ka7 Rb5 57. Rxc3+ Rc5 58. Rd3 Ra5# 0-1

[Event "*** Titled Tuesday Blitz"]
[Site "Chess.com"]
[Date "2018.08.07"]
[Round "1"]
[White "LastHeroJr"]
[Black "hsskoo"]
[Result "1-0"]
[WhiteElo "2504"]
[BlackElo "2152"]
[TimeControl "180+2"]
[EndTime "13:10:00 PDT"]
[Termination "LastHeroJr won on time"]

1. e4 e5 2. Nf3 Nf6 3. Nxe5 d6 4. Nf3 Nxe4 5. Nc3 Nxc3 6. dxc3 Be7 7. Be3 Bf5 8. Qd2 O-O 9. O-O-O a5 10. Nd4 Bg6 11.
h4 c6 12. h5 Be4 13. h6 g6 14.
c4 c5 15. Nb5 Na6 16. Nxd6 Bc6 17. a3 Qc7 18. Qc3 f6 19. Nb5 Qe5 20. Qxe5 fxe5 21. Nc3 Rad8 22. Nd5 Bxd5 23. cxd5 Nc7 24. d6 Rxd6 25.
Bc4+ Kh8 26. Rxd6 Bxd6 27. Rd1 b5 28. Ba2 Ne8 29. Bd5 Be7 30. Bc6 Nf6 31. f3 b4 32.
Bb5 bxa3 33. bxa3 c4 34. Kb2 c3+ 35. Ka2 Rb8 36. a4 Bb4 37. Bg5 Ng8 38. Rd5 Rf8 39.
Rxe5 Nf6 40. Kb3 Nh5 41. Rd5 Kg8 42. Rd4 Kf7 43. Bc4+ Ke8 44. Re4+ Kd7 45. Bb5+ Kc7 46. Rc4+ Kb6 47. Be3+ Kb7 48. Bc6+ Kb8 49. Be4 Rc8 50. Rxc8+ Kxc8 51. Bxg6 hxg6 52. h7 1-0